Map: Ulrena

Players

Reality - Winner!

  • Race: Terran Terran
  • League: Master

BravO

  • Race: Terran Terran
  • League: Platinum

Event: Team Gravity's Tournament of Champions #5

VOD

Have the link to the VOD?

Description

Time

  • Played on: Nov. 15, 2015, 6:40 p.m.
  • Length: 14:34

All games in this series

Show
View Real Time Build Order
Export as new Build Order

Reality Terran - Winner!

Build Orders: Cyclone Opening 

Get SALT Encoding   

  12  0:00  SCV  
  13  0:12  SCV  
  14  0:17  Supply Depot  
  14  0:24  SCV  
  15  0:29  Refinery  
  15  0:39  SCV  
  16  0:45  Barracks  
  16  0:51  SCV  
  17  1:03  SCV  
  18  1:15  SCV  
  19  1:31  Orbital Command  
  19  1:32  Factory, Refinery, Marine  
  20  1:42  Supply Depot  
  20  1:49  Marine  
  21  1:57  SCV  
  22  2:07  Marine  
  23  2:10  SCV  
  24  2:16  Factory Tech Lab  
  24  2:22  SCV, Supply Depot  
  25  2:25  Marine  
  26  2:34  SCV, Cyclone  
  30  2:43  Barracks Reactor  
  30  2:46  SCV  
  31  2:56  Command Center  
  31  2:58  SCV  
  32  3:06  Cyclone  
  32  3:12  Supply Depot  
  35  3:20  Starport  
  35  3:23  Marine  
  35  3:25  Marine  
  37  3:28  SCV  
  35  3:41  Marine  
  35  3:42  Cyclone  
  35  3:43  Marine  
  40  3:49  Supply Depot  
  40  3:57  Viking  
  40  3:59  SCV  
  40  4:02  Marine  
  44  4:04  Marine  
  45  4:11  Orbital Command  
  45  4:15  SCV  
  46  4:24  Siege Tank  
  46  4:27  Orbital Command  
  46  4:29  Marine x2  
  51  4:32  SCV  
  52  4:40  Viking  
  52  4:45  SCV  
  55  4:49  Marine x2  
  56  5:05  Siege Tank  
  59  5:07  Marine x2  
  59  5:10  Viking  
  63  5:17  SCV x2  
  65  5:22  Supply Depot  
  65  5:24  Engineering Bay  
  65  5:27  Marine  
  65  5:28  Marine  
  67  5:30  SCV x2  
  69  5:42  SCV  
  70  5:43  SCV  
  70  5:44  Supply Depot, Siege Tank  
  74  5:54  SCV  
  74  5:55  SCV, Marine x2  
  60  5:59  Viking  
  61  6:06  SCV  
  61  6:07  SCV  
  53  6:15  Marine x2  
  53  6:18  SCV, Missile Turret  
  53  6:19  SCV  
  51  6:30  SCV  
  51  6:32  SCV  
  49  6:36  Siege Tank  
  52  6:43  Command Center, SCV  
  52  6:44  SCV  
  52  6:45  Medivac  
  56  6:49  Medivac  
  56  6:53  Supply Depot  
  58  6:56  SCV x2  
  58  6:57  Barracks Tech Lab  
  60  7:04  Refinery x2  
  60  7:08  SCV x2  
  62  7:16  Barracks  
  62  7:18  Stimpack  
  62  7:20  Barracks  
  62  7:21  Marine  
  63  7:24  SCV  
  63  7:25  SCV  
  65  7:30  Starport Reactor  
  65  7:35  Terran Infantry Weapons Level 1  
  65  7:37  SCV x2  
  67  7:38  Barracks  
  67  7:39  Barracks, Marine  
  68  7:47  Siege Tank  
  68  7:49  SCV x2  
  69  8:00  Engineering Bay  
  69  8:01  SCV x2, Supply Depot, Orbital Command  
  69  8:02  Supply Depot  
  71  8:13  Starport Reactor  
  71  8:15  Marine x4  
  75  8:22  Siege Tank  
  78  8:28  Orbital Command  
  78  8:29  Barracks Reactor x2  
  78  8:31  Terran Infantry Armor Level 1  
  78  8:32  Supply Depot  
  78  8:34  Supply Depot, Marine x5  
  78  8:35  Armory  
  83  8:48  Missile Turret  
  83  8:52  Marine x5  
  88  8:58  Siege Tank  
  88  9:01  Supply Depot  
  88  9:02  Supply Depot  
  91  9:03  Medivac  
  91  9:08  Missile Turret  
  91  9:09  Medivac  
  94  9:15  SCV x3, Marine x3  
  94  9:16  Marine x5  
  105  9:17  Marine  
  105  9:21  Combat Shields  
  106  9:33  Marine x5  
  106  9:34  Supply Depot, Marine x3  
  106  9:35  Marine  
  114  9:51  Marine x6  
  114  9:52  Marine x2  
  122  9:54  Medivac  
  122  9:55  Siege Tank, Medivac  
  129  10:02  Missile Turret, Terran Vehicle Weapons Level 1  
  129  10:03  Marine  
  129  10:09  Marine x4  
  129  10:11  Marine x2  
  129  10:14  Marine x2  
  137  10:21  Marine  
  137  10:23  Terran Infantry Weapons Level 2  
  137  10:26  Marine  
  137  10:27  Marine x3  
  142  10:29  Marine  
  142  10:34  Marine  
  129  10:40  Marine  
  129  10:41  Marine x2  
  124  10:44  Siege Tank  
  124  10:45  Medivac x2  
  125  10:55  Marine  
  125  10:58  Marine x3  
  125  11:02  Marine x2  
  130  11:06  Marine  
  130  11:07  Marine  
  130  11:08  Marine  
  112  11:13  Marine  
  112  11:15  Marine  
  112  11:16  Siege Tank  
  111  11:19  Marine x2  
  111  11:22  Marine x2  
  111  11:24  Marine x2  
  112  11:26  Marine  
  112  11:31  Marine  
  117  11:33  Marine  
  117  11:35  Terran Infantry Armor Level 2  
  117  11:37  Marine x2  
  120  11:40  Refinery x2, Marine x2  
  120  11:41  Supply Depot  
  120  11:42  Supply Depot, Marine x2  
  120  11:44  Marine  
  125  11:48  Viking x2  
  125  11:49  Marine  
  125  11:51  Sensor Tower  
  125  11:52  Siege Tank  
  129  11:58  Marine x2  
  129  12:01  Supply Depot  
  131  12:08  Marine x2  
  132  12:09  Marine x2  
  132  12:10  Marine x3  
  134  12:21  Marine x2  
  134  12:22  Missile Turret  
  136  12:24  Siege Tank, Medivac x2  
  136  12:26  Marine x2  
  136  12:27  Marine  
  146  12:34  Marine  
  147  12:42  Marine  
  147  12:43  Marine x4  
  152  12:46  Marine x2  
  153  12:55  Marine  
  153  12:56  Marine  
  130  13:00  Marine  
  130  13:01  Marine x4  
  130  13:03  Marine x2  
  135  13:13  Marine x2  
  135  13:18  Marine x2  
  135  13:19  Marine x3  
  142  13:21  Marine x2  
  143  13:28  Supply Depot  
  143  13:31  Marine x2  
  143  13:32  Factory  
  143  13:36  Marine x3  
  143  13:37  Marine x2  
  143  13:39  Siege Tank, Marine x2  
  153  13:41  Medivac x2  
  157  13:49  Marine x2  
  157  13:54  Marine  
  157  13:55  Marine  
  161  13:58  Marine  
  161  13:59  Marine x4  
Show
View Real Time Build Order
Export as new Build Order

BravO Terran 

Build Orders: 1/1/1, Bio Tank, Banshee Rush 

Get SALT Encoding   

  12  0:00  SCV  
  13  0:12  SCV  
  14  0:18  Supply Depot  
  14  0:24  SCV  
  15  0:30  Refinery  
  15  0:39  SCV  
  16  0:45  Barracks  
  16  0:51  SCV  
  17  1:03  SCV  
  18  1:15  SCV  
  19  1:32  Marine, Orbital Command  
  20  1:34  Factory  
  20  1:35  Supply Depot  
  20  1:38  Refinery  
  20  1:51  Barracks Tech Lab  
  20  1:58  SCV  
  21  2:10  SCV  
  22  2:16  Marine  
  22  2:17  Hellion  
  22  2:19  Starport  
  22  2:22  SCV  
  26  2:27  Supply Depot  
  26  2:33  Marine  
  26  2:34  SCV  
  28  2:38  Widow Mine  
  30  2:46  SCV  
  31  2:55  Supply Depot  
  31  2:56  Cloaking Field  
  32  2:59  Banshee  
  32  3:00  SCV  
  32  3:03  Marine  
  36  3:09  Factory Reactor  
  36  3:20  Marine  
  37  3:34  Command Center  
  37  3:42  Raven  
  37  3:43  SCV  
  40  3:50  Supply Depot  
  40  3:52  Factory Tech Lab, Marine x2  
  40  3:55  SCV  
  43  4:07  SCV  
  44  4:10  Siege Tank  
  44  4:11  Marine x2  
  44  4:16  Supply Depot  
  49  4:20  SCV  
  50  4:26  Viking  
  52  4:32  SCV, Marine x2  
  55  4:44  SCV  
  56  4:47  Orbital Command  
  56  4:49  Siege Tank  
  56  4:50  Marine  
  56  4:51  Marine  
  61  4:56  SCV  
  62  5:01  Viking  
  64  5:08  SCV, Orbital Command  
  64  5:09  Marine x2  
  67  5:20  SCV  
  66  5:23  Supply Depot, Siege Tank  
  69  5:35  SCV x2  
  71  5:42  Refinery, Marine  
  71  5:43  Stimpack  
  71  5:47  SCV x2  
  66  5:59  SCV  
  66  6:00  SCV, Marine  
  66  6:03  Medivac  
  61  6:11  SCV  
  61  6:12  SCV  
  61  6:18  Marine  
  60  6:19  Siege Tank  
  60  6:24  SCV x2, Barracks  
  60  6:27  Barracks  
  60  6:36  SCV x2  
  60  6:37  Engineering Bay  
  60  6:39  Marine  
  63  6:41  Starport Reactor  
  63  6:48  SCV x2  
  63  6:49  Refinery  
  63  6:51  Siege Tank  
  68  6:56  Marine  
  68  7:04  Terran Infantry Weapons Level 1  
  68  7:12  Marine x2  
  68  7:14  Barracks, Marine  
  68  7:15  Supply Depot  
  71  7:19  Barracks  
  71  7:23  Siege Tank  
  71  7:24  Starport Reactor  
  71  7:28  Marine x2  
  71  7:29  Marine x2  
  76  7:32  Marine  
  76  7:33  Supply Depot  
  79  7:37  Supply Depot  
  79  7:46  Marine x2  
  79  7:47  Marine x2  
  79  7:49  Combat Shields  
  79  7:50  Marine  
  84  7:58  Siege Tank  
  84  8:04  Barracks Reactor, Marine x2  
  84  8:05  Marine x2  
  89  8:06  Medivac x2  
  89  8:08  Marine  
  89  8:10  Barracks Reactor  
  96  8:18  Supply Depot  
  96  8:26  Marine x5  
  101  8:30  Siege Tank  
  104  8:36  Medivac  
  104  8:41  Medivac  
  108  8:45  Marine x4  
  108  8:46  Supply Depot  
  111  8:49  Supply Depot  
  111  8:50  Marine x2  
  111  8:51  Marine x3  
  111  8:53  Command Center  
  116  9:02  Terran Infantry Armor Level 1, Marine  
  116  9:08  Siege Tank, Marine x4  
  116  9:09  Marine x2  
  126  9:10  Marine x2  
  126  9:14  Supply Depot  
  126  9:15  Supply Depot  
  128  9:21  Medivac x2  
  128  9:22  Marine  
  133  9:26  Marine  
  134  9:36  Marine x2  
  136  9:38  Marine x4  
  139  9:48  Siege Tank  
  138  10:02  Medivac, Marine x4  
  138  10:03  Medivac  
  146  10:09  Orbital Command  
  146  10:12  Marine x4  
  150  10:20  Siege Tank  
  153  10:33  Marine x4  
  121  10:48  Marine x5  
  122  10:51  Marine x4  
  122  10:53  Siege Tank  
  122  10:55  Medivac  
  126  11:06  Marine x5  
  101  11:12  Marine x2  
  86  11:19  Marine x2  
  86  11:23  Marine x2  
  86  11:25  Siege Tank  
  93  11:29  Medivac  
  92  11:32  Medivac  
  94  11:48  Marine x6  
  94  11:50  Orbital Command  
  94  11:53  Marine x2  
  102  11:54  Marine  
  103  12:07  Siege Tank  
  106  12:08  Marine  
  106  12:09  Marine  
  106  12:12  Marine  
  109  12:17  Marine  
  109  12:22  Marine  
  111  12:26  Marine  
  112  12:39  Medivac x2  
  116  12:45  Siege Tank  
  116  12:48  Marine x2  
  120  12:57  Marine x2  
  103  13:02  Marine x2  
  103  13:03  Marine x2  
  106  13:07  Marine x3  
  109  13:14  Marine x2  
  111  13:20  Marine x2  
  111  13:21  Marine x2  
  111  13:25  Marine x2  
  117  13:32  Siege Tank  
  117  13:34  Marine x3  
  112  13:38  Marine  
  115  13:49  Bunker x2  
  115  13:53  Armory  
  115  13:54  Marine x2  
  117  13:57  Marine  
  117  14:00  Marine x2  
  117  14:02  Marine  
  121  14:04  Marine  
  121  14:08  Marine x2  
  112  14:14  Marine x2  

Tags
 
Add a new tag
Caveats
  • Supply blocks, unpowered buildings, or Contaminate may cause inaccurate times.
  • Supply counts are checked every 10 seconds.